 Dungeon Crawl Stone Soup version 0.21.1-1-g345015f (webtiles) character file.

556 HEYYEYAAE the Magician (level 7, -11/40 HPs)
             Began as a Deep Elf Conjurer on Feb 10, 2018.
             Mangled by an ogre
             ... wielding a +0 giant spiked club
              (30 damage)
             ... on level 4 of the Dungeon.
             The game lasted 00:05:27 (4173 turns).

HEYYEYAAE the Magician (Deep Elf Conjurer)          Turns: 4173, Time: 00:05:28

Health: -11/40     AC:  3    Str:  5    XL:     7   Next: 8%
Magic:  4/20       EV: 13    Int: 22    God:
Gold:   174        SH:  0    Dex: 15    Spells: 11/21 levels left

rFire    . . .     SeeInvis .   p - +2 dagger (venom)
rCold    . . .     Gourm    .   (no shield)
rNeg     . . .     Faith    .   a - +0 robe
rPois    .         Spirit   .   (no helmet)
rElec    .         Reflect  .   (no cloak)
rCorr    .         Harm     .   q - +0 pair of gloves
MR       +....                  (no boots)
Stlth    ++........             (no amulet)
HPRegen  0.13/turn              o - ring of protection from magic
MPRegen  0.17/turn              (no ring)

@: lethally poisoned (-11 -> -12)
A: no striking features
a: no special abilities


You were on level 4 of the Dungeon.
You were not hungry.

You visited 1 branch of the dungeon, and saw 4 of its levels.

You collected 174 gold pieces.

Inventory:

Hand Weapons
 p - a +2 dagger of venom (weapon)
 u - a +3 whip of electrocution
Armour
 a - a +0 robe (worn)
 q - a +0 pair of gloves (worn)
Jewellery
 h - an uncursed ring of ice
 l - an uncursed ring of flight {unknown}
 o - a ring of protection from magic (left hand)
Scrolls
 d - a scroll of immolation
 f - 2 scrolls of remove curse
 k - 3 scrolls of amnesia
Potions
 e - 2 potions of might {unknown}
 g - a potion of curing
 i - 2 potions of heal wounds
 j - 3 potions of agility
 m - a potion of resistance {unknown}
 n - a potion of flight {unknown}
 r - 2 potions of invisibility {unknown}
 s - 2 potions of haste {unknown}
 t - 2 potions of mutation {unknown}
Books
 b - a book of Conjurations

   Spells                             Type                      Level
   a - Magic Dart                     Conjuration                  1
   b - Searing Ray                    Conjuration                  2
   c - Dazzling Spray                 Conjuration/Hexes            3
   d - Fulminant Prism                Conjuration/Hexes            4
   e - Force Lance                    Conjuration/Translocation    4
   f - Iskenderun's Mystic Blast      Conjuration                  4
Comestibles
 c - 6 rations
 v - 2 chunks of flesh


   Skills:
 + Level 2.3 Fighting
 - Level 2.4 Dodging
 - Level 2.4 Stealth
 * Level 7.9 Spellcasting
 + Level 6.1 Conjurations


You had 11 spell levels left.
You knew the following spells:

 Your Spells              Type           Power        Failure   Level  Hunger
a - Magic Dart            Conj           ####         1%          1    None
b - Searing Ray           Conj           #####.       1%          2    None
c - Dazzling Spray        Conj/Hex       ###...       6%          3    None
d - Iskenderun's Mystic   Conj           #####...     6%          4    ###....


Dungeon Overview and Level Annotations

Branches:
Dungeon (4/15)
 Temple: D:4-7

Altars:
Ashenzari
Cheibriados
Elyvilon
Gozag
Okawaru
Trog


Message History

Casting: Searing Ray
Confirm with . or Enter, or press ? or * to list all spells.
Aiming: Searing Ray
Press: ? - help, Shift-Dir - straight line, f/p - ogre
Aim: an ogre, wielding a giant spiked club (heavily wounded, poisoned)
The searing ray hits the ogre.
The ogre is severely wounded. (Press . to maintain the ray.)
You feel sick. The ogre barely misses you.
Casting: Searing Ray
Confirm with . or Enter, or press ? or * to list all spells.
Aiming: Searing Ray
Press: ? - help, Shift-Dir - straight line, f/p - ogre
Aim: an ogre, wielding a giant spiked club (severely wounded, poisoned)
The searing ray hits the ogre.
The ogre is almost dead. (Press . to maintain the ray.)
The ogre hits you with a giant spiked club!!
Ouch! That really hurt!
You die...

#.##########
##.#.#.#.#.# ######
#.#.#.#.#.#. ......
##.#.#.#.#.#
......#######.#.#.#.#.#.
...........#.#.#.#.#.#
#...######.#.#.#.#.#.
####>...# ##.#.#.#.#.#
....[..@#####.#.#.#.#.#.
####...O.....#.#.#.#.#.#
#....#####.#.#.#.#.#.
#....# #..#.#.#.#.#.#
####....# #.#.#.#.#.#.#.
........# #..#.#.#.#.#.#
........#####.#.#.#.#.#.
.............#.#.#.#.#.#
####...######.#.#.#.#.#.


You could see an ogre.

Vanquished Creatures
  Menkaure (D:4)
  A phantom (D:4)
  The ghost of letownia2 the Conjurer, an amateur DsWz (D:3)
  A scorpion (D:4)
  A bullfrog zombie (D:3)
  A centaur skeleton (D:4)
  3 worker ants (D:4)
  2 adders (D:2)
  2 oozes (D:1)
  2 worms (D:2)
  3 dart slugs
  2 orcs
  3 giant cockroaches
  5 goblins
  9 hobgoblins
  6 jackals
  3 quokkas
  6 bats
  5 frilled lizards
  5 kobolds
  8 rats
70 creatures vanquished.

Vanquished Creatures (others)
  A quokka (D:4)
1 creature vanquished.

Grand Total: 71 creatures vanquished

Notes
Turn   | Place    | Note
-------+----------+-------------------------------------------
     0 | D:1      | HEYYEYAAE the Deep Elf Conjurer began the quest for the Orb.
     0 | D:1      | Reached XP level 1. HP: 10/10 MP: 6/6
   119 | D:1      | Reached XP level 2. HP: 15/15 MP: 6/8
   253 | D:1      | Reached skill level 4 in Spellcasting
   435 | D:1      | Reached XP level 3. HP: 19/19 MP: 0/10
   815 | D:2      | Found a snail-covered altar of Cheibriados.
   889 | D:2      | Found a bloodstained altar of Trog.
   898 | D:2      | Found an iron altar of Okawaru.
  1169 | D:2      | Reached skill level 5 in Spellcasting
  1169 | D:2      | Reached skill level 5 in Conjurations
  1248 | D:2      | Reached XP level 4. HP: 22/24 MP: 5/13
  1338 | D:2      | Found a faded altar of an unknown god.
  1605 | D:2      | Found an opulent altar of Gozag.
  1952 | D:2      | Learned a level 2 spell: Searing Ray
  1956 | D:2      | Learned a level 3 spell: Dazzling Spray
  1961 | D:2      | Learned a level 4 spell: Iskenderun's Mystic Blast
  1972 | D:3      | Noticed letownia2's ghost (amateur DsWz)
  2277 | D:3      | Killed letownia2's ghost
  2277 | D:3      | Reached skill level 1 in Fighting
  2277 | D:3      | Reached skill level 6 in Spellcasting
  2277 | D:3      | Reached XP level 5. HP: 19/29 MP: 0/15
  3142 | D:4      | Noticed Menkaure
  3151 | D:4      | Killed Menkaure
  3151 | D:4      | Reached XP level 6. HP: 35/35 MP: 8/17
  3236 | D:4      | Reached skill level 7 in Spellcasting
  3619 | D:4      | Found a white marble altar of Elyvilon.
  3656 | D:4      | Found a shattered altar of Ashenzari.
  3892 | D:4      | Reached XP level 7. HP: 33/40 MP: 13/20
  4173 | D:4      | Mangled by an ogre

Skill      XL: |  1  2  3  4  5  6 |
---------------+-------------------+-----
Spellcasting   | 4 5 6 7 |  7.9
Conjurations   | 5 6 |  6.1
Fighting       | 1 2 |  2.3
Dodging        | |  2.4
Stealth        | |  2.4

Action                   |  1- 3 |  4- 6 |  7- 9 || total
-------------------------+-------+-------+-------++-------
Melee: Unarmed           |     9 |       |       ||     9
       Dagger            |       |    40 |    12 ||    52
 Cast: Magic Dart        |    82 |    64 |     6 ||   152
       Searing Ray       |       |    12 |     8 ||    20
       Dazzling Spray    |       |     3 |       ||     3
  Use: Scroll            |       |     6 |       ||     6
       Potion            |       |     2 |       ||     2
 Stab: Sleeping          |       |     2 |       ||     2
  Eat: Chunk             |       |     4 |     2 ||     6
       Ration            |       |     1 |       ||     1
Armor: Robe              |     5 |    13 |       ||    18
Dodge: Dodged            |    13 |    32 |    11 ||    56
